 Dungeon Crawl Stone Soup version 0.30-b1-2-g02819fbbbe (webtiles) character file.

Game seed: 9135854869458867427

14 Alarkh the Vexing (level 2, 21/21 HPs)
             Began as a Demonspawn Hexslinger on May 23, 2023.
             Got out of the dungeon alive.
             The game lasted 00:00:22 (204 turns).

Alarkh the Vexing (Demonspawn Hexslinger)            Turns: 204, Time: 00:00:23

Health: 21/21      AC:  2    Str: 10    XL:     2   Next: 27%
Magic:  3/3        EV: 12    Int: 14    God:
Gold:   6          SH:  0    Dex: 13    Spells: 2/3 levels left

rFire   . . .        a - +1 sling
rCold   . . .        (no shield)
rNeg    . . .        c - +0 robe
rPois   .            (no helmet)
rElec   .            (no cloak)
rCorr   .            (no gloves)
SInv    .            (no boots)
Will    .....        (no amulet)
Stlth   +            (no ring)
HPRegen 0.23/turn    (no ring)
MPRegen 0.08/turn

%: no passive effects
@: no status effects
A: claws 1
a: no special abilities


You escaped.
You visited 1 branch of the dungeon, and saw 1 of its levels.

You collected 6 gold pieces.

Inventory:

Hand Weapons
 a - a +1 sling (weapon)
Armour
 c - a +0 robe (worn)
Scrolls
 b - a scroll of poison
 d - a scroll of enchant armour {unknown}
 e - a scroll of brand weapon {unknown}
Potions
 f - 2 potions of degeneration {unknown}


   Skills:
 + Level 1.0 Fighting
 * Level 2.6 Ranged Weapons
 - Level 1.7 Dodging
 * Level 0.2 Unarmed Combat
 - Level 1.0 Spellcasting
 - Level 3.0 Hexes


You had 2 spell levels left.
You knew the following spells:

 Your Spells              Type           Power      Damage    Failure   Level
a - Slow                  Hex            36%        N/A       8%          1

Your spell library contained the following spells:

 Spells                   Type           Power      Damage    Failure   Level
 Inner Flame              Hex/Fire       4%         N/A       38%         3
 Portal Projectile        Hex/Tloc       8%         N/A       38%         3
 Cause Fear               Hex            4%         N/A       58%         4


Dungeon Overview and Level Annotations

Branches:
Dungeon (1/15)

Altars:


Innate Abilities, Weirdness & Mutations

You have sharp fingernails.


Message History

The jackal misses you. The jackal bites you. The jackal closely misses you.
The jackal bites you.
You shoot a sling bullet. The sling bullet hits the jackal.
You kill the jackal!
The jackal barely misses you. The jackal bites you.
The jackal barely misses you.
You shoot a sling bullet. The sling bullet hits the jackal.
You kill the jackal!
The jackal bites you but does no damage. x2
You shoot a sling bullet.
The sling bullet barely misses the jackal.
The jackal closely misses you. The jackal bites you.
You shoot a sling bullet.
The sling bullet barely misses the jackal.
The jackal barely misses you. The jackal closely misses you.
You shoot a sling bullet. The sling bullet hits the jackal.
The jackal is almost dead.
The jackal bites you.
You are too injured to fight recklessly!
You are too injured to fight recklessly!
You are too injured to fight recklessly!
You are too injured to fight recklessly!
You are too injured to fight recklessly!
You are too injured to fight recklessly!
You are too injured to fight recklessly!
You are too injured to fight recklessly!
You are too injured to fight recklessly!
You are too injured to fight recklessly!
Unknown command.
You are too injured to fight recklessly!
You shoot a sling bullet.
The sling bullet barely misses the jackal.
The jackal bites you but does no damage.
The jackal misses you.
You shoot a sling bullet. The sling bullet hits the jackal.
You kill the jackal!
There is an open door here.
There is a staircase leading out of the dungeon here.
Are you sure you want to leave the Dungeon?
This will make you lose the game!
You have escaped! ..........#..♣ P>P

♣..#
##....###.##..♣♣.♣♣..#
##....# #.#♣.........♣
.#....###.#♣.♣.~~~.♣.♣
.#.....##.#♣..~≈8≈~..♣
.......##.#♣.♣.~~~.♣.♣
#......##.#♣.........♣
###..#.##.##..♣♣.♣♣..#
#....##.#..♣♣P@P♣
###.#.....##..#####
....).###.'...~≈≈≈~.
#####...#.##########
....).....#
###########


There were no monsters in sight!

Vanquished Creatures
  An endoplasm (D:1)
  2 giant cockroaches (D:1)
  2 goblins (D:1)
  3 jackals (D:1)
  A bat (D:1)
  A frilled lizard (D:1)
  A kobold (D:1)
  A rat (D:1)
12 creatures vanquished.

Notes
Turn   | Place    | Note
-------+----------+-------------------------------------------
     0 | D:1      | Alarkh the Demonspawn Hexslinger began the quest for the
                  | Orb.
     0 | D:1      | Reached XP level 1. HP: 15/15 MP: 2/2
    79 | D:1      | Discovered your monstrous ancestry.
    79 | D:1      | Gained mutation: You have sharp fingernails. [demonic
                  | ancestry]
    79 | D:1      | Reached XP level 2. HP: 21/21 MP: 3/3
   204 | D:$      | Got out of the dungeon alive.

Illustrated notes

Levels and vault maps discovered:
D:1:      tarquinn_simple_flora_water_b, layout_basic, hangedman_decor_points

Skill      XL: |  1 |
---------------+----+-----
Ranged Weapons | 2 |  2.6
Fighting       | |  1.0
Dodging        | |  1.7
Unarmed Combat | |  0.2
Spellcasting   | |  1.0
Hexes          | |  3.0

Action                     || total
---------------------------++-------
   Fire: Sling             ||    42
 Armour: Robe              ||    10
  Dodge: Dodged            ||    17
